 Dungeon Crawl Stone Soup version 0.30-a0-953-g5f1da4a474 (webtiles) character file.

Game seed: 129013298193577277

13451 mopl the Thaumaturge (level 12, -4/81 HPs)
             Began as an Octopode Brigand on Mar 28, 2023.
             Was a Priest of Vehumet.
             Slain by an ogre
             ... wielding a +0 giant club
              (16 damage)
             ... on level 10 of the Dungeon.
             The game lasted 00:24:44 (11781 turns).

mopl the Thaumaturge (Octopode Brigand)            Turns: 11781, Time: 00:24:44

Health: -4/81      AC:  1    Str: 10    XL:     12   Next: 6%
Magic:  24/24      EV: 14    Int: 25    God:    Vehumet [***...]
Gold:   656        SH:  0    Dex: 13    Spells: 15/27 levels left

rFire   . . .      SeeInvis .    b - staff of earth
rCold   . . .      Faith    .    (no shield)
rNeg    . . .      Spirit   .    (helmet restricted)
rPois   .          Reflect  .    (no amulet)
rElec   .          Rampage  .    r - +6 ring of intelligence
rCorr   .                        (no ring)
Will    .....                    (no ring)
Stlth   +++++                    (no ring)
HPRegen 0.33/turn                (no ring)
MPRegen 0.19/turn                (no ring)
                                 (no ring)
                                 (no ring)

@: no status effects
A: almost no armour, amphibious, 8 rings, camouflage 1, gelatinous body 1,
(nimble swimmer 1), tentacles
a: Renounce Religion


You were on level 10 of the Dungeon.
You worshipped Vehumet.
Vehumet was most pleased with you.
You visited 2 branches of the dungeon, and saw 11 of its levels.
You also visited: Ossuary.

You collected 656 gold pieces.

Inventory:

Hand Weapons
 a - the +7 staff of the Meek {protect, meekguard}
   (You found it on level 5 of the Dungeon)
 f - a +2 short sword of holy wrath
 k - a +2 dagger of protection
 n - a +4 dagger of venom
 B - the +13 scythe of Curses {drain, curses, Drain}
   (You found it on level 5 of the Dungeon)

   Drain:     It drains your maximum health when unequipped.
Missiles
 c - 3 curare-tipped darts
 d - 2 silver boomerangs
 m - 24 poisoned darts
 y - 4 throwing nets
 C - 7 boomerangs
Armour
 O - a +2 chain mail of poison resistance
Magical Staves
 b - a staff of earth (weapon)
Jewellery
 r - a +6 ring of intelligence (left tentacle)
Wands
 i - a wand of charming (15)
 z - a wand of flame (25)
 E - a wand of iceblast (15)
 H - a wand of light (3)
 J - a wand of mindburst (8)
Scrolls
 g - 6 scrolls of teleportation {unknown}
 j - 2 scrolls of enchant weapon {unknown}
 l - 2 scrolls of noise {unknown}
 t - 3 scrolls of vulnerability {unknown}
 v - 3 scrolls of immolation {unknown}
 w - a scroll of acquirement {unknown}
 x - a scroll of butterflies {unknown}
 A - 2 scrolls of magic mapping {unknown}
 D - 2 scrolls of poison {unknown}
 G - a scroll of silence {unknown}
 K - 3 scrolls of fear {unknown}
Potions
 e - 5 potions of curing
 h - 2 potions of might
 o - 8 potions of heal wounds {unknown}
 p - a potion of cancellation
 q - a potion of brilliance
 s - 2 potions of ambrosia
 u - 4 potions of mutation {!q}
 F - 2 potions of resistance
 I - 2 potions of haste
 L - 3 potions of flight
 N - a potion of magic
 P - a potion of berserk rage {!q}
Miscellaneous
 M - a phial of floods


   Skills:
 + Level 7.4 Fighting
 - Level 2.0 Short Blades
 - Level 2.0 Throwing
 + Level 5.0 Dodging
 - Level 8.0 Stealth
 * Level 8.4 Spellcasting
 * Level 8.2 Conjurations
 * Level 8.3 Earth Magic
 * Level 1.5 Poison Magic
 + Level 7.4 Evocations


You had 15 spell levels left.
You knew the following spells:

 Your Spells              Type           Power      Damage    Failure   Level
a - Stone Arrow           Conj/Erth      100%       3d13      1%          3
k - Lee's Rapid Deconstr  Erth           33%        3d17*     1%          5
o - Olgreb's Toxic Radia  Pois           18%        N/A       9%          4

Your spell library contained the following spells:

 Spells                   Type           Power      Damage    Failure   Level
 Dazzling Flash           Conj/Hex       62%        N/A       1%          3
 Passwall                 Tmut/Erth      38%        N/A       1%          2
 Poisonous Vapours        Pois/Air       28%        N/A       1%          2
 Sting                    Tmut/Pois      56%        1d5       4%          1
 Cigotuvi's Dreadful Rot  Necr/Pois/Air  26%        N/A       7%          2
 Ensorcelled Hibernation  Hex/Ice        20%        N/A       9%          2
 Leda's Liquefaction      Hex/Erth       23%        N/A       11%         4
 Swiftness                Air            10%        N/A       17%         3
 Tukima's Dance           Hex            10%        N/A       17%         3
 Yara's Violent Unravell  Hex/Tmut       5%         3d4       36%         5
 Dispel Undead            Necr           10%        3d9       50%         4
 Passage of Golubria      Tloc           10%        N/A       50%         4
 Statue Form              Tmut/Erth      30%        N/A       85%         6
 Lehudib's Crystal Spear  Conj/Erth      33%        10d9      95%         8
 Death Channel            Necr           5%         N/A       100%        6
 Animate Armour           Summ/Erth      Unusable   N/A       N/A         4

Dungeon Overview and Level Annotations

Branches:
Dungeon (10/15)            Temple (0/1) D:5            Lair (0/5) D:10
    Orc (1/2) D:10        Ossuary (visited)

Altars:
Dithmenos
Makhleb
Nemelex Xobeh
Okawaru
Qazlal
Trog
Vehumet
Yredelemnul
Zin

Shops:
D:6 [

Annotations:
D:10 dig


Innate Abilities, Weirdness & Mutations

You cannot wear most types of armour.
You are amphibious.
You can wear up to eight rings at the same time.
Your skin changes colour to match your surroundings (Stealth+).
Your rubbery body absorbs attacks. (AC +1, EV +1)
((You are camouflaged when in or above water. (Stealth+)))
You have tentacles for arms and can constrict up to eight enemies at once.


Message History

You constrict the orc priest.
The orc priest invokes the aid of Beogh against you.
Beogh smites you!
The orc priest mumbles some strange prayers to Beogh against you.
Beogh smites you!
You hit the orc priest.
You shatter the orc priest!
You kill the orc priest!
Vehumet accepts your kill.
You feel your power returning.
You start resting.
Magic restored.
You start resting.
HP restored.
You climb downwards.
Welcome back to the Orcish Mines!
The orc priest calls down the wrath of Beogh upon you.
Beogh smites you! The ogre barely misses you.
The orc warrior hits you with a +0 flail!
The orc wizard mumbles some strange words.
The orc wizard flickers and vanishes!
Deactivating autopickup; reactivate with Ctrl-A.
The orc barely misses you.
The orc priest calls down the wrath of Beogh upon you.
Beogh smites you!
You hear some strange, mumbled words.
Something tries to affect you, but you resist.
The orc warrior hits you with a +0 flail!
The orc wizard shouts!
There is a staircase back to the Dungeon, spattered with blood here.
The ogre hits you with a +0 giant club!
* * * LOW HITPOINT WARNING * * *
A magic dart appears from out of thin air!
The magic dart hits you.
* * * LOW HITPOINT WARNING * * *
The orc warrior barely misses you. The orc closely misses you.
You climb upwards.
Welcome back to the Dungeon!
Level annotation: dig Reactivating autopickup.
There is a staircase to the Orcish Mines here.
The ogre attacks as you move away! The ogre hits you with a +0 giant club!
You die...

#### ##...###### #.....##..#
#.........# ######....## ##....##
##.)..#############
##......o@o>.....##
#......O.).......#
##.......####....#
########......######...####
#................##.......###
#.#########...........###...#
#.#.......#.###.....)## ###.##
###.#.......#.###.##.### #....#
.#..#.......#.....##.######.##.##


You could see an orc warrior, an ogre and an orc.

Vanquished Creatures
  Erolcha (D:9)
  5 two-headed ogres
  A tengu warrior (D:10)
  An orc high priest (Orc:1)
  An ugly thing (D:9)
  2 cyclopes
  Joseph (D:9)
  2 trolls
  3 yaks (D:9)
  A shadow (D:7)
  3 wraiths (D:10)
  2 wyverns
  2 steam dragons (D:8)
  Menkaure (D:6)
  2 water moccasins (D:6)
  2 acid dragons
  6 orc warriors
  4 ice beasts
  2 sky beasts (D:6)
  An ogre (Orc:1)
  4 centaurs
  A kobold brigand (D:10)
  2 bullfrogs (D:10)
  12 scorpions
  3 wights (D:8)
  8 killer bees
  6 howler monkeys
  3 centaur zombies (Ossuary)
  Crazy Yiuf (D:3)
  4 orc priests
  3 hounds
  4 human zombies (Ossuary)
  2 jellies
  Jessica (D:2)
  6 gnoll boudas
  3 scorpion zombies (Ossuary)
  3 sleepcaps
  Ijyb (D:4)
  3 iguanas
  8 orc wizards
  Terence (D:2)
  3 mummies (Ossuary)
  21 gnolls
  5 adders
  A shadow imp (D:6)
  3 white imps
  2 ufetubi
  A worm (D:4)
  4 dart slugs
  13 orcs
  7 endoplasms
  2 giant cockroaches
  2 gnoll zombies (Ossuary)
  11 goblins
  8 hobgoblins
  9 jackals
  5 quokkas
  4 ball pythons
  9 bats
  3 frilled lizards
  3 hobgoblin zombies (Ossuary)
  9 kobolds
  2 kobold zombies (Ossuary)
  An orc zombie (Ossuary)
  8 rats
258 creatures vanquished.

Vanquished Creatures (collateral kills)
  An efreet (D:9)
  A yak (D:9)
  3 killer bees (D:9)
5 creatures vanquished.

Vanquished Creatures (others)
  A gnoll (D:8)
  20 fungi
  23 plants (D:10)
44 creatures vanquished.

Grand Total: 307 creatures vanquished

Notes
Turn   | Place    | Note
-------+----------+-------------------------------------------
     0 | D:1      | mopl the Octopode Brigand began the quest for the Orb.
     0 | D:1      | Reached XP level 1. HP: 14/14 MP: 1/1
    68 | D:1      | Reached XP level 2. HP: 10/19 MP: 2/2
   191 | D:1      | Reached XP level 3. HP: 21/25 MP: 4/4
   255 | D:1      | Reached skill level 1 in Spellcasting
   685 | D:2      | Noticed Jessica
   694 | D:2      | Killed Jessica
   695 | D:2      | Reached skill level 2 in Dodging
   695 | D:2      | Reached skill level 6 in Stealth
   695 | D:2      | Reached XP level 4. HP: 13/30 MP: 4/6
  1082 | D:2      | Reached skill level 1 in Evocations
  1260 | D:2      | Noticed Terence
  1275 | D:2      | Killed Terence
  1276 | D:2      | Reached XP level 5. HP: 36/36 MP: 7/7
  1682 | D:3      | Found a stormy altar of Qazlal.
  1928 | D:3      | Reached skill level 3 in Fighting
  1971 | D:3      | Found a faded altar of an unknown god.
  2248 | D:3      | Found a runed translucent door.
  2249 | D:3      | Noticed Crazy Yiuf
  2478 | D:3      | Paralysed by Crazy Yiuf for 2 turns
  2494 | D:3      | Your ally Crazy Yiuf died
  2685 | D:4      | Found a sand-covered staircase.
  2690 | Ossuary  | Entered an ossuary
  2712 | Ossuary  | Reached skill level 2 in Spellcasting
  2712 | Ossuary  | Reached skill level 2 in Evocations
  2712 | Ossuary  | Reached XP level 6. HP: 27/42 MP: 7/9
  2820 | Ossuary  | Reached skill level 3 in Dodging
  3048 | Ossuary  | Reached skill level 7 in Stealth
  3048 | Ossuary  | Reached XP level 7. HP: 40/47 MP: 10/10
  3247 | Ossuary  | Reached skill level 3 in Evocations
  3252 | Ossuary  | Reached skill level 4 in Fighting
  3252 | Ossuary  | Reached skill level 3 in Spellcasting
  3492 | Ossuary  | Reached skill level 4 in Dodging
  3492 | Ossuary  | Reached XP level 8. HP: 29/54 MP: 12/12
  3811 | D:4      | Reached skill level 8 in Stealth
  3839 | D:4      | Noticed Ijyb
  3917 | D:4      | Learned a level 3 spell: Stone Arrow
  4089 | D:4      | Killed Ijyb
  4090 | D:4      | Reached skill level 4 in Evocations
  4159 | D:4      | Found a glowing silver altar of Zin.
  4220 | D:4      | Found a sparkling altar of Nemelex Xobeh.
  4220 | D:4      | Found a radiant altar of Vehumet.
  4223 | D:4      | Became a worshipper of Vehumet
  4359 | D:5      | Entered Level 5 of the Dungeon
  4359 | D:5      | Found the +13 scythe of Curses {drain, curses, Drain}
  4405 | D:5      | Reached skill level 1 in Conjurations
  4405 | D:5      | Reached skill level 1 in Earth Magic
  4439 | D:5      | HP: 1/81 [killer bee (6)]
  4444 | D:5      | HP: 2/81 [poisoned by a killer bee]
  4639 | D:5      | Reached skill level 4 in Spellcasting
  4733 | D:5      | Found the +7 staff of the Meek {protect, meekguard}
  4976 | D:5      | Found a staircase to the Ecumenical Temple.
  4984 | D:5      | Reached skill level 2 in Conjurations
  4984 | D:5      | Reached skill level 2 in Earth Magic
  5308 | D:6      | Found Wimautai's Antique Armour Shoppe.
  5335 | D:6      | Noticed Menkaure
  5340 | D:6      | Killed Menkaure
  5341 | D:6      | Reached skill level 5 in Fighting
  5473 | D:6      | Reached XP level 9. HP: 54/61 MP: 15/15
  5494 | D:6      | Reached skill level 3 in Earth Magic
  5506 | D:6      | Reached skill level 3 in Conjurations
  5944 | D:6      | Reached skill level 5 in Spellcasting
  6025 | D:6      | Reached * piety under Vehumet
  6025 | D:6      | Offered knowledge of Kiss of Death by Vehumet.
  6026 | D:6      | Reached skill level 5 in Evocations
  6505 | D:6      | Reached skill level 4 in Earth Magic
  6520 | D:6      | Reached skill level 4 in Conjurations
  7035 | D:7      | Found a bloodstained altar of Trog.
  7589 | D:8      | Reached XP level 10. HP: 68/68 MP: 8/18
  7750 | D:8      | Reached skill level 5 in Conjurations
  7750 | D:8      | Reached skill level 5 in Earth Magic
  7764 | D:8      | Reached skill level 6 in Spellcasting
  7981 | D:8      | Reached skill level 6 in Fighting
  8370 | D:9      | Noticed a two-headed ogre
  8380 | D:9      | Killed a two-headed ogre
  8416 | D:9      | Offered knowledge of Shock by Vehumet.
  8417 | D:9      | Reached skill level 6 in Evocations
  8419 | D:9      | Reached ** piety under Vehumet
  8525 | D:9      | Reached skill level 6 in Earth Magic
  8727 | D:9      | Found a basalt altar of Yredelemnul.
  8735 | D:9      | Noticed Erolcha
  8744 | D:9      | Noticed a two-headed ogre
  8753 | D:9      | Killed a two-headed ogre
  8754 | D:9      | Reached skill level 6 in Conjurations
  8920 | D:9      | Noticed Joseph
  8935 | D:9      | Reached skill level 7 in Spellcasting
  8936 | D:9      | Your ally Joseph died
  8942 | D:9      | Noticed a white ugly thing
  8942 | D:9      | Noticed a cyclops
  8962 | D:9      | Killed a cyclops
  8969 | D:9      | Learned a level 5 spell: Lee's Rapid Deconstruction
  8983 | D:9      | Killed a white ugly thing
  8984 | D:9      | Reached XP level 11. HP: 74/74 MP: 11/21
  9012 | D:9      | Killed Erolcha
  9013 | D:9      | Reached skill level 7 in Conjurations
  9013 | D:9      | Reached skill level 7 in Earth Magic
  9541 | D:10     | Entered Level 10 of the Dungeon
  9587 | D:10     | Noticed a two-headed ogre
  9588 | D:10     | Noticed a two-headed ogre
  9593 | D:10     | Noticed a two-headed ogre
  9625 | D:10     | Killed a two-headed ogre
  9902 | D:9      | Reached skill level 7 in Fighting
 10015 | D:10     | Noticed a cyclops
 10017 | D:10     | Noticed a tengu warrior
 10073 | D:10     | Killed a two-headed ogre
 10113 | D:10     | Killed a tengu warrior
 10114 | D:10     | Reached skill level 7 in Evocations
 10309 | D:10     | Killed a cyclops
 10310 | D:10     | Reached skill level 8 in Spellcasting
 10327 | D:10     | Killed a two-headed ogre
 10789 | D:10     | Offered knowledge of Dazzling Flash by Vehumet.
 10911 | D:10     | Found a shadowy altar of Dithmenos.
 10936 | D:10     | Reached skill level 8 in Conjurations
 10936 | D:10     | Reached skill level 8 in Earth Magic
 10947 | D:10     | Found a staircase to the Orcish Mines.
 10968 | D:10     | Found a burning altar of Makhleb.
 10981 | D:10     | Found an iron altar of Okawaru.
 11136 | D:10     | Found a staircase to the Lair.
 11401 | D:10     | Learned a level 4 spell: Olgreb's Toxic Radiance
 11476 | Orc:1    | Entered Level 1 of the Orcish Mines
 11476 | Orc:1    | Noticed an orc high priest
 11653 | Orc:1    | Reached *** piety under Vehumet
 11657 | Orc:1    | Killed an orc high priest
 11658 | Orc:1    | Reached skill level 5 in Dodging
 11658 | Orc:1    | Reached skill level 1 in Poison Magic
 11658 | Orc:1    | Reached XP level 12. HP: 81/81 MP: 3/24
 11781 | D:10     | Slain by an ogre

Illustrated notes

Levels and vault maps discovered:
D:1:      lemuel_arrival_cross, layout_rooms, minmay_misc_feat_plants
D:2:      layout_basic, serial_rivers, chequers_serial_rivers_room_b,
          chequers_serial_rivers_small_3, chequers_serial_rivers_large_a,
          chequers_serial_rivers_micro_b, wad_floor_pattern_1,
          minmay_misc_feat_iff, uniq_jessica, uniq_terence
D:3:      layout_basic, nicolae_qazlal_eye_of_the_storm,
          nicolae_ecumenical_lake_church, minmay_misc_feat_enclosed,
          small_statue_intersection, uniq_crazy_yiuf_cottage
D:4:      layout_rooms, gammafunk_temple_overflow_elements,
          lemuel_coloured_pillars_altar, nicolae_ossuary_entry_false_entrances,
          uniq_ijyb
D:5:      layout_basic, minmay_temple_entry_statues_fountains
D:6:      layout_basic, serial_shops, nicolae_shop_competitors_out_of_business,
          supply_closet_lemuel, uniq_menkaure
D:7:      layout_rooms, trog_three_pillars_becter
D:8:      layout_basic
D:9:      minmay_curly_fans, layout_loops_ring, lemuel_crystal_altar,
          uniq_erolcha, uniq_joseph
D:10:     kennysheep_windowed_halls, layout_layer_cave, old_standard_altar,
          mainiacjoe_overflow_six_doors_small, lemuel_tele_altar,
          grunt_lair_entry_orc_guard_hut, hive_lemuel
Orc:1:    layout_caves, ebering_ghost_reflecting_pool, david_defended_altar_orc

Skill      XL: |  1  2  3  4  5  6  7  8  9 10 11 |
---------------+----------------------------------+-----
Spellcasting   | 1 2 3 4 5 7 8 |  8.4
Dodging        | 2 3 4 5 |  5.0
Stealth        | 6 7 8 |  8.0
Evocations     | 1 2 3 4 5 6 7 |  7.4
Fighting       | 3 4 5 6 7 |  7.4
Conjurations   | 2 4 6 8 |  8.2
Earth Magic    | 2 4 6 8 |  8.3
Poison Magic   | 1 |  1.5
Short Blades   | |  2.0
Throwing       | |  2.0

Action                     |  1- 3 |  4- 6 |  7- 9 | 10-12 || total
---------------------------+-------+-------+-------+-------++-------
  Melee: Dagger            |    72 |    95 |   191 |       ||   358
         Constrict         |    20 |    19 |    55 |    17 ||   111
         Tentacles         |    13 |    27 |    68 |    21 ||   129
         Punch             |     2 |       |     2 |       ||     4
         Quarterstaff      |       |       |    73 |    79 ||   152
         Staff             |       |       |       |     4 ||     4
  Throw: Dart              |     7 |     6 |     1 |    31 ||    45
   Cast: Stone Arrow       |       |       |    13 |    65 ||    78
         Lee's Rapid Decon |       |       |       |    11 ||    11
  Evoke: Wand              |       |     1 |       |    20 ||    21
    Use: Scroll            |       |       |    11 |     2 ||    13
         Potion            |       |       |     3 |       ||     3
   Stab: Sleeping          |     5 |    14 |    27 |       ||    46
 Armour: Skin              |     5 |     3 |    66 |    14 ||    88
  Dodge: Dodged            |    40 |    37 |   210 |   115 ||   402

Table legend: (Time is in decaauts)
 A = Elapsed time spent in this place.
 B = Non-inter-level travel time spent in this place.
 C = Inter-level travel time spent in this place.
 D = Time resting spent in this place.
 E = Time spent auto-exploring this place.
 F = Levels seen in this place.
 G = Mean time per level.
                   A        B        C        D        E       F      G
               +--------+--------+--------+--------+--------+-----+--------+
         Total |  11785 |  11332 |    453 |   3591 |   5320 |  12 |  982.1 |
       Dungeon |  10700 |  10247 |    453 |   2931 |   5227 |  10 | 1070.0 |
  Orcish Mines |     18 |     18 |      0 |      0 |      0 |   1 |   18.0 |
       Ossuary |   1066 |   1066 |      0 |    660 |     93 |   1 | 1066.0 |
               +--------+--------+--------+--------+--------+-----+--------+

Top non-repeatable levels by time:
    D:10: 1834 daAuts
     D:9: 1580 daAuts
     D:6: 1424 daAuts
     D:3: 1107 daAuts
 Ossuary: 1066 daAuts
     D:2: 999 daAuts
     D:5: 908 daAuts
     D:8: 908 daAuts
     D:7: 783 daAuts
     D:4: 601 daAuts
     D:1: 551 daAuts
   Orc:1: 18 daAuts
